 Dungeon Crawl Stone Soup version 0.30.1 (webtiles) character file.

Game seed: 14146016036774741666

361 Pepete the Trooper (level 6, -1/57 HPs)
             Began as a Minotaur Berserker on July 11, 2023.
             Was a Believer of Trog.
             Killed by nerve-wracking pain
             ... invoked by Grinder
              (10 damage)
             ... on level 4 of the Dungeon.
             The game lasted 00:04:29 (4253 turns).

Pepete the Trooper (Minotaur Berserker)             Turns: 4253, Time: 00:04:29

Health: -1/57      AC:  7    Str: 21 (23) XL:     6   Next: 38%
Magic:  5/5        EV: 10    Int:  2 (4)  God:    Trog [**....]
Gold:   233        SH:  0    Dex:  7 (10) Spells: 5/5 levels left

rFire   . . .        m - +0 war axe
rCold   + . .        (no shield)
rNeg    . . .        e - +0 scale mail
rPois   .            (helmet restricted)
rElec   .            (no cloak)
rCorr   .            (no gloves)
SInv    .            (no boots)
Will    .....        (no amulet) Stlth
                     c - ring of protection from cold
HPRegen 0.29/turn    p - +4 ring of slaying
MPRegen 0.09/turn

%: no passive effects
@: on berserk cooldown, slowed, very slow
A: horns 2, retaliatory headbutt
a: Renounce Religion, Berserk, Trog's Hand


You were on level 4 of the Dungeon.
You worshipped Trog.
Trog was pleased with you.
You visited 1 branch of the dungeon, and saw 4 of its levels.

You collected 233 gold pieces.

Inventory:

Hand Weapons
 m - a +0 war axe (weapon)
Armour
 b - a +0 animal skin
 e - a +0 scale mail (worn)
 l - a +0 chain mail
Jewellery
 c - a ring of protection from cold (left hand)
 p - a +4 ring of slaying (right hand)
Wands
 s - a wand of flame (25)
Scrolls
 a - a scroll of identify
 h - 2 scrolls of amnesia
 j - a scroll of enchant armour {unknown}
 k - a scroll of magic mapping {unknown}
 q - a scroll of vulnerability {unknown}
 t - a scroll of blinking
Potions
 d - 2 potions of degeneration
 f - a potion of brilliance
 g - 2 potions of flight
 i - a potion of lignification {unknown}
 n - a potion of mutation
 o - a potion of haste
 r - a potion of ambrosia {unknown}


   Skills:
 * Level 6.1 Fighting
 + Level 5.0 Axes
 * Level 5.5 Armour
 - Level 2.1 Dodging


You had 5 spell levels left.
You didn't know any spells.
Your spell library was empty.

Dungeon Overview and Level Annotations

Branches:
Dungeon (4/15)             Temple (0/1) D:4

Altars:

Annotations:
D:3 3 runed translucent doors, salammoniac's ghost, amateur DrTm
D:4 Grinder


Innate Abilities, Weirdness & Mutations

You have a pair of horns on your head.
You reflexively headbutt those who attack you in melee.


Message History

Grinder is nearby!
You feel your anger nearly subside.
You are no longer berserk.
You are exhausted.
You feel yourself slow down. Grinder hits you but does no damage.
You slash Grinder!
Grinder is heavily wounded.
Grinder drinks a potion.
Grinder seems to speed up.
Grinder barely misses you. You furiously retaliate!
You headbutt Grinder, but do no damage. You hit Grinder but do no damage.
Your headbutt misses Grinder.
Grinder is heavily wounded.
Grinder gestures at you. You resist with significant effort. Grinder hits you!
You writhe in agony.
Grinder hits you!
You writhe in agony.
You closely miss Grinder. You headbutt Grinder!
Grinder is almost dead.
Grinder blinks!
Grinder gestures at you. Pain shoots through your body!
Grinder says, "There's only one good use for a tongue: cutting it out."
Grinder says, "I used to sell toenails on the black market."
Grinder gestures at you.
You suddenly lose the ability to move!
Grinder gestures at you. You resist with significant effort.
Grinder says, "DUCK!"
Grinder hits you.
You writhe in agony.
Grinder hits you.
* * * LOW HITPOINT WARNING * * *
You writhe in agony.
* * * LOW HITPOINT WARNING * * *
Grinder hits you but does no damage. Grinder hits you.
* * * LOW HITPOINT WARNING * * *
You writhe in agony.
* * * LOW HITPOINT WARNING * * *
You can move again.
You closely miss Grinder. Your headbutt misses Grinder.
Grinder is almost dead.
Grinder gestures at you. Pain shoots through your body!
You die...

.....# #.###....#
.....# .♣♣ #........#
#...## PP♣♣ #.........
..†..# ...♣ #$........
...)## #..## #......###
.....###....####....###
..[.)...............#
................5.###
.......<<.......@##
..................#
.............#...##
....#........##.##
.>.##........###
....#.......##
##..#.......#
##........#


You could see Grinder (fast).

Vanquished Creatures
  Sigmund (D:2)
  A hound (D:3)
  An iguana (D:4)
  6 gnolls (D:2)
  3 adders
  A dart slug (D:1)
  An orc (D:3)
  6 ball pythons
  A bat (D:3)
  5 endoplasms
  A giant cockroach (D:2)
  6 goblins
  8 hobgoblins
  3 jackals (D:2)
  4 quokkas
  5 frilled lizards
  4 kobolds
  8 rats
65 creatures vanquished.

Notes
Turn   | Place    | Note
-------+----------+-------------------------------------------
     0 | D:1      | Pepete the Minotaur Berserker began the quest for the Orb.
     0 | D:1      | Reached XP level 1. HP: 19/19 MP: 0/0
   111 | D:1      | Reached XP level 2. HP: 22/27 MP: 1/1
   258 | D:1      | Reached skill level 4 in Fighting
   951 | D:2      | Found a faded altar of an unknown god.
  1096 | D:2      | Noticed Sigmund
  1109 | D:2      | Killed Sigmund
  1110 | D:2      | Reached skill level 5 in Fighting
  1110 | D:2      | Reached XP level 3. HP: 36/36 MP: 2/2
  1110 | D:2      | Reached XP level 4. HP: 42/42 MP: 3/3
  1110 | D:2      | Reached XP level 5. HP: 48/48 MP: 4/4
  1386 | D:2      | Reached ** piety under Trog
  1645 | D:2      | Reached skill level 5 in Armour
  2146 | D:2      | Identified the +3 kite shield of Defence {+Inv Will+ Str-5
                  | Dex+4}
  2300 | D:2      | Reached XP level 6. HP: 57/57 MP: 5/5
  2423 | D:3      | Reached skill level 6 in Fighting
  2779 | D:3      | Found a runed translucent gate.
  2783 | D:3      | Found a runed translucent gate.
  2783 | D:3      | Noticed salammoniac's ghost (amateur DrTm)
  2787 | D:3      | Identified the +1 leather armour of Iqubour {Harm rElec
                  | rN+++ Int-3}
  3366 | D:3      | Found a runed translucent gate.
  3774 | D:4      | Reached skill level 5 in Axes
  3904 | D:4      | Found a staircase to the Ecumenical Temple.
  4232 | D:4      | Noticed Grinder
  4237 | D:4      | Paralysed by Grinder for 2 turns
  4249 | D:4      | Paralysed by Grinder for 4 turns
  4253 | D:4      | Killed from afar by Grinder

Illustrated notes

Levels and vault maps discovered:
D:1:      dpeg_arrival_pond, layout_basic
D:2:      layout_loops_ring, nicolae_ecumenical_oubliette, uniq_sigmund
D:3:      layout_basic, biasface_ghost_orc_armoury
D:4:      layout_cave_pools, minmay_temple_entry_butterflies, chequers_jeans,
          uniq_grinder, uniq_crazy_yiuf_cottage

Skill      XL: |  1  2  3  4  5  6 |
---------------+-------------------+-----
Fighting       | 5 6 |  6.1
Armour         | 4 5 |  5.5
Axes           | 4 5 |  5.0
Dodging        | |  2.1

Action                     |  1- 3 |  4- 6 || total
---------------------------+-------+-------++-------
  Melee: Hand axe          |    49 |    69 ||   118
         Headbutt          |     2 |     4 ||     6
         Punch             |       |     1 ||     1
         War axe           |       |    33 ||    33
 Invoke: Berserk           |     1 |     1 ||     2
    Use: Scroll            |       |     9 ||     9
         Potion            |       |     2 ||     2
 Armour: Animal skin       |     3 |       ||     3
         Scale mail        |    12 |    41 ||    53
  Dodge: Dodged            |    27 |    61 ||    88
